 Dungeon Crawl Stone Soup version 0.24-a0-264-gf46a388 (webtiles) character file.

Game seed: 16684677607755289516

3 mhoghedin the Magician (level 1, -4/16 HPs)
             Began as a Centaur Wanderer on Apr 20, 2019.
             Killed from afar by a dart slug (5 damage)
             ... with a slug dart
             ... on level 1 of the Dungeon.
             The game lasted 00:00:36 (60 turns).

mhoghedin the Magician (Centaur Wanderer)             Turns: 60, Time: 00:00:38

Health: -4/16      AC:  4    Str: 13    XL:     1   Next: 41%
Magic:  5/5        EV:  9    Int: 14    God:
Gold:   0          SH:  0    Dex:  6    Spells: 7/8 levels left

rFire    . . .     SeeInvis .   a - +0 club
rCold    . . .     Gourm    .   (no shield)
rNeg     . . .     Faith    .   c - +0 robe
rPois    .         Spirit   .   (no helmet)
rElec    .         Reflect  .   (no cloak)
rCorr    .         Harm     .   (no gloves)
MR       .....                  (no barding)
Stlth    ..........             (no amulet)
HPRegen  0.05/turn              (no ring)
MPRegen  0.09/turn              (no ring)

@: very quick
A: large, hooves 3, deformed body, speed 2, tough skin 3
a: no special abilities


You were on level 1 of the Dungeon.
You were not hungry.

You visited 1 branch of the dungeon, and saw 1 of its levels.

Inventory:

Hand Weapons
 a - a +0 club (weapon)
Armour
 b - a +0 pair of gloves
   (You found it on level 1 of the Dungeon)
 c - a +0 robe (worn)
Wands
 d - a wand of flame (15)
Scrolls
 e - a scroll of identify {unknown}
Comestibles
 f - a ration


   Skills:
 + Level 1.0 Fighting
 - Level 4.1 Spellcasting
 - Level 1.0 Summonings
   Level 1.7 Translocations
 - Level 1.7 Evocations


You had 7 spell levels left.
You knew the following spells:

 Your Spells              Type           Power        Failure   Level  Hunger
a - Summon Small Mammal   Summ           #...         13%         1    None

Your spell library contained the following spells:

 Spells                   Type           Power        Failure   Level  Hunger
 Recall                   Summ/Tloc      N/A          32%         3    ###....


Dungeon Overview and Level Annotations

Branches:
Dungeon (1/15)

Altars:


Innate Abilities, Weirdness & Mutations

You have hooves in place of feet.
Armour fits poorly on your strangely shaped body.
You cover ground very quickly.
You have extremely tough skin. (AC +3)


Message History

Welcome, mhoghedin the Centaur Wanderer.
It is said that the Orb of Zot exists deep within this dungeon.
Found a pair of gloves and a leather armour.
Found a staircase leading out of the dungeon.
You begin with the following items: a +0 club, a +0 robe, a wand of flame (15), a ration; and the following spell memorised: Summon Small Mammal; and the following spells available to memorise: Recall.
Unknown command.
b - a pair of gloves
There are no items here.
Unknown command.
Unknown command.
Okay, then.
Unknown command.
Unknown command.
e - a scroll labeled XESOIG ZOTE A rat comes into view.
A rat is nearby!
You barely miss the rat. Your kick misses the rat.
The rat bites you but does no damage.
You closely miss the rat. The rat bites you.
You take 2 damage, and have 12/14 hp.
You hit the rat but do no damage. The rat barely misses you.
The rat bites you but does no damage.
You closely miss the rat. The rat barely misses you.
You barely miss the rat. Your kick misses the rat. The rat bites you.
You take 1 damage, and have 11/14 hp.
You hit the rat. The rat barely misses you. x2
You closely miss the rat. The rat bites you but does no damage.
You hit the rat.
You kill the rat!
No target in view!
No target in view!
No target in view!
No target in view!
No target in view!
No target in view!
No target in view!
No target in view!
No target in view!
No target in view!
Unknown command.
Unknown command.
Unknown command.
Unknown command.
A hobgoblin and a dart slug come into view.
The hobgoblin shouts!
You hear a bark!
A jackal comes into view.
There are monsters nearby!
The hobgoblin barely misses you.
You closely miss the hobgoblin.
The hobgoblin hits you but does no damage.
You hit the hobgoblin but do no damage. The hobgoblin hits you with a +0 club.
The jackal bites you but does no damage.
A jackal comes into view.
You take 3 damage, and have 9/14 hp.
MASSIVE DAMAGE!!
The jackal barks!
Found a stone staircase leading down.
You closely miss the jackal. You kick the jackal, but do no damage.
The jackal bites you. The jackal closely misses you.
You take 3 damage, and have 6/14 hp.
MASSIVE DAMAGE!!
You miss the jackal. You kick the jackal.
You kill the jackal!
You hit the hobgoblin but do no damage. The hobgoblin completely misses you.
You closely miss the hobgoblin. Your kick misses the hobgoblin.
The hobgoblin hits you with a +0 club.
You take 1 damage, and have 6/15 hp.
You hit the hobgoblin but do no damage. The hobgoblin barely misses you. x2
You hit the hobgoblin.
The hobgoblin hits you but does no damage.
You barely miss the hobgoblin. The hobgoblin hits you with a +0 club.
You take 1 damage, and have 5/15 hp.
You hit the hobgoblin. The hobgoblin hits you with a +0 club.
* * * LOW HITPOINT WARNING * * *
You take 2 damage, and have 3/15 hp.
You barely miss the hobgoblin. You kick the hobgoblin.
You kill the hobgoblin!
Your Fighting skill increases to level 1!
The dart slug launches a dart at you. The slug dart hits you.
* * * LOW HITPOINT WARNING * * *
You take 2 damage, and have 1/16 hp.
The dart slug barely misses you.
Things that are here:
a +0 club; a hobgoblin corpse; a jackal corpse You barely miss the dart slug.
You kick the dart slug! The dart slug launches a dart at you.
The slug dart hits you.
You die...

#.. .. ##...... #..
...#....... #.#
#.#....... #####.#
#......... ...#.#
#......... #.#.####
#......... #..h...#
#........#
###w##.####......###
#@##...........#
#.########.#####
#........#.#
.......>.#†#
##........#.#
...#..##.#.#
........ #.# ....
.#..#.#
#....#.#..#.#


You could see a dart slug and a jackal.

Vanquished Creatures
  A hobgoblin (D:1)
  A jackal (D:1)
  A rat (D:1)
3 creatures vanquished.

Notes
Turn   | Place    | Note
-------+----------+-------------------------------------------
     0 | D:1      | mhoghedin the Centaur Wanderer began the quest for the Orb.
     0 | D:1      | mhoghedin set off with the following items: a +0 club, a +0
                  | robe, a wand of flame (15), a ration; and the following
                  | spell memorised: Summon Small Mammal; and the following
                  | spells available to memorise: Recall
     0 | D:1      | Reached XP level 1. HP: 14/14 MP: 5/5
    57 | D:1      | HP: 3/15 [hobgoblin/+0 club (2)]
    58 | D:1      | Reached skill level 1 in Fighting
    58 | D:1      | HP: 1/16 [dart slug/slug dart (2)]
    60 | D:1      | Killed from afar by a dart slug

Levels and vault maps discovered:
D:1:      nicolae_arrival_washed_ashore, layout_basic

Skill      XL: |  1 |
---------------+----+-----
Fighting       | 1 |  1.0
Spellcasting   | |  4.1
Summonings     | |  1.0
Translocations | |  1.7
Evocations     | |  1.7

Action                   || total
-------------------------++-------
Melee: Club              ||    20
       Kick              ||     4
Armor: Robe              ||     4
Dodge: Dodged            ||    10

Table legend:
 A = Non-vault XP
 B = Vault XP
 C = Vault XP percentage of total XP
 D = Non-vault monster count
 E = Vault monster count
 F = Vault count percentage of total count
                 A         B        C        D         E       F
            +---------+---------+-------+---------+---------+-------
      Total |       5 |       0 |   0.0 |       3 |       0 |   0.0
            +---------+---------+-------+---------+---------+-------
        D:1 |       5 |       0 |   0.0 |       3 |       0 |   0.0
            +---------+---------+-------+---------+---------+-------

Levels and vault maps discovered:
D:1:      nicolae_arrival_washed_ashore, layout_basic

Table legend:
 A = Turns spent in this place as a percentage of turns spent in the entire game.
 B = Non-inter-level travel turns spent in this place as a percentage of non-inter-level travel turns spent in the entire game.
 C = Inter-level travel turns spent in this place as a percentage of turns spent in this place.
 D = Turns resting spent in this place as a percentage of non-inter-level travel turns spent in this place.
 E = Turns spent auto-exploring this place as a percentage of non-inter-level travel turns spent in this place.
 F = Non-inter-level travel turns spent in this place divided by the number of levels of this place that you've seen.
                   A       B       C       D       E      F
               +-------+-------+-------+-------+-------+----------------------
         Total | 100.0 | 100.0 |   0.0 |   0.0 |  38.3 |  60.0
       Dungeon | 100.0 | 100.0 |   0.0 |   0.0 |  38.3 |  60.0
               +-------+-------+-------+-------+-------+----------------------

Table legend:
 A = Kills in this place as a percentage of kills in entire the game.
 B = Kills by you in this place as a percentage of kills by you in the entire game.
 C = Kills by friends in this place as a percentage of kills by friends in the entire game.
 D = Other kills in this place as a percentage of other kills in the entire game.
 E = Experience gained in this place as a percentage of experience gained in the entire game.
 F = Experience gained in this place divided by the number of levels of this place that you have seen.
                   A       B       C       D       E      F
               +-------+-------+-------+-------+-------+----------------------
         Total | 100.0 | 100.0 |   N/A |   N/A | 100.0 |   5.0
       Dungeon | 100.0 | 100.0 |   N/A |   N/A | 100.0 |   5.0
               +-------+-------+-------+-------+-------+----------------------
